 Dungeon Sprint DCSS version 0.30.1-11-g7821555f0a (webtiles) character file.

Game seed: 15039830188008445875

185050 BigDaddyOpFi the Axe Maniac (level 18, -1/180 HPs)
             Began as a Hill Orc Monk on Nov 14, 2023.
             Was the Champion of Qazlal.
             Slain by a wolf spider (12 damage)
             ... summoned by a broodmother
             ... in the Dungeon (Sprint V: "Ziggurat Sprint") on Nov 15, 2023.
             The game lasted 00:17:43 (3452 turns).

BigDaddyOpFi the Axe Maniac (Hill Orc Monk)         Turns: 3452, Time: 00:17:44

Health: -1/180     AC: 47    Str: 22    XL:     18   Next: 43%
Magic:  0/35       EV: 22    Int: 13    God:    Qazlal [******]
Gold:   0          SH: 49    Dex: 13    Spells: 17/17 levels left

rFire   + . .        C - +16 obsidian axe {drain, demonic, Mesm Drain Fly SInv}
rCold   + + +        E - +18 shield of the Gong {Loud rN+ Will+ rCorr EV-5}
rNeg    + + .        D - +15 Maxwell's patent armour {-Cast -Tele rElec Will+ rCorr}
rPois   .            J - +2 helmet {Int+3}
rElec   +            v - +1 cloak of Starlight {*Dazzle EV+4 Stlth--}
rCorr   +            U - +1 pair of gloves of Inkimp {rF- rC++}
SInv    +            X - +2 pair of boots {Fly}
Will    +++..        Q - amulet of Juolobuv {Reflect rF+ SH+5} Stlth
                     a - ring of Egomania {rN+ EV+5 Slay+6}
HPRegen 0.50/turn    N - ring "Weilius" {rF+ rC+ AC+4}
MPRegen 0.24/turn

%: no teleportation, no spellcasting, repel missiles, reflection
@: protected from physical damage, corroded, flying, mesmerised, slowed,
studying 2 skills, very slow
A: frail 1
a: Renounce Religion, Upheaval, Elemental Force, Disaster Area


You were in the Dungeon.
You worshipped Qazlal.
Qazlal was exalted by your worship.
You visited 1 branch

Inventory:

Hand Weapons
 u - the +7 great mace "Undeadhunter" {deathbane, rN+}
   (You took it off a deep elf zephyrmancer in the Dungeon)

   rN:        It protects you from negative energy.
 C - the +16 obsidian axe (weapon) {drain, demonic, Mesm Drain Fly SInv}
   (You found it in the Dungeon)

   Mesm:      Its wielder is mesmerised by any visible foes, and it cannot be
   unequipped while any foes are visible.
   SInv:      It lets you see invisible.
   Fly:       It grants you flight.
   Drain:     It drains your maximum health when unequipped.
Armour
 v - the +1 cloak of Starlight (worn) {*Dazzle EV+4 Stlth--}
   (You acquired it in the Dungeon)

   *Dazzle:   It may blind those who miss an attack against the wearer in melee
   combat.
   EV:        It affects your evasion (+4).
   Stlth:     It makes you much less stealthy.
 w - a +2 cloak of poison resistance
 y - the +2 cloak of the Thief {*Fog Slay-2 SInv Stlth+}
   (You found it in the Dungeon)

   *Fog:      It may release a thick cloud of smoke when the wearer is hurt.
   Slay:      It affects your accuracy & damage with ranged weapons and melee
   (-2).
   SInv:      It lets you see invisible.
   Stlth:     It makes you more stealthy.
 D - the +15 Maxwell's patent armour (worn) {-Cast -Tele rElec Will+ rCorr}
   (You found it in the Dungeon)

   rElec:     It insulates you from electricity.
   -Cast:     It prevents spellcasting.
   -Tele:     It prevents most forms of teleportation.
   rCorr:     It protects you from acid and corrosion.
   Will:      It increases your willpower.
 E - the +18 shield of the Gong (worn) {Loud rN+ Will+ rCorr EV-5}
   (You found it in the Dungeon)

   Loud:      It is deafeningly noisy when blocking attacks.
   EV:        It affects your evasion (-5).
   rN:        It protects you from negative energy.
   rCorr:     It protects you from acid and corrosion.
   Will:      It increases your willpower.
 J - a +2 helmet of intelligence (worn)
 L - the +4 cloak of Starshine {rElec rPois rC+ Int+2}
   (You found it in the Dungeon)

   Int:       It affects your intelligence (+2).
   rC:        It protects you from cold.
   rElec:     It insulates you from electricity.
   rPois:     It protects you from poison.
 U - the +1 pair of gloves of Inkimp (worn) {rF- rC++}
   (You found it in the Dungeon)

   rF:        It makes you vulnerable to fire.
   rC:        It greatly protects you from cold.
 X - a +2 pair of boots of flying (worn)
Jewellery
 a - the ring of Egomania (left hand) {rN+ EV+5 Slay+6}
   (You found it in the Dungeon)

   [ring of evasion]

   EV:        It affects your evasion (+5).
   Slay:      It affects your accuracy & damage with ranged weapons and melee
   (+6).
   rN:        It protects you from negative energy.
 c - a +6 ring of intelligence
 m - the ring "Nitagha" {rC+ Str-3 Int+6 Dex+4}
   (You took it off a deep elf annihilator in the Dungeon)

   [ring of intelligence]

   Str:       It affects your strength (-3).
   Int:       It affects your intelligence (+6).
   Dex:       It affects your dexterity (+4).
   rC:        It protects you from cold.
 x - a ring of poison resistance
 z - an amulet of magic regeneration
 A - a +5 ring of evasion
 F - a +6 ring of strength
 G - an amulet of regeneration
 H - the ring "Wytess" {rN+++ rCorr AC+4 Int-3 Stlth+}
   (You found it in the Dungeon)

   [ring of protection]

   AC:        It affects your AC (+4).
   Int:       It affects your intelligence (-3).
   rN:        It renders you almost immune to negative energy.
   rCorr:     It protects you from acid and corrosion.
   Stlth:     It makes you more stealthy.
 M - the ring "Eclupsurcho" {rF+ Int+6}
   (You found it in the Dungeon)

   [ring of intelligence]

   Int:       It affects your intelligence (+6).
   rF:        It protects you from fire.
 N - the ring "Weilius" (right hand) {rF+ rC+ AC+4}
   (You found it in the Dungeon)

   [ring of protection]

   AC:        It affects your AC (+4).
   rF:        It protects you from fire.
   rC:        It protects you from cold.
 Q - the amulet of Juolobuv (around neck) {Reflect rF+ SH+5}
   (You found it in the Dungeon)

   [amulet of reflection]

   It reflects blocked missile attacks.
   rF:        It protects you from fire.
   SH:        It affects your SH (+5).
 S - a ring of flight
 T - a +5 ring of evasion
Wands
 s - a wand of mindburst (32)
 t - a wand of quicksilver (27)
 B - a wand of polymorph (19)
 I - a wand of charming (22)
 K - a wand of digging (7)
 P - a wand of flame (16)
 R - a wand of roots (16)
Scrolls
 i - 4 scrolls of blinking
 o - 4 scrolls of amnesia
 p - 7 scrolls of fog
 q - 5 scrolls of identify
 r - a scroll of fear
 O - 2 scrolls of brand weapon
 W - 4 scrolls of enchant weapon
 Y - 3 scrolls of enchant armour
Potions
 b - a potion of ambrosia
 d - 9 potions of curing
 e - 17 potions of heal wounds
 f - 14 potions of haste
 g - 3 potions of magic
 h - 3 potions of berserk rage
 j - 2 potions of brilliance
 k - 2 potions of invisibility
 l - 4 potions of resistance
 n - 6 potions of might


   Skills:
 O Level 27 Fighting
 O Level 27 Axes
 O Level 27 Armour
 + Level 26.3 Dodging
 O Level 27 Shields
 - Level 3.2 Unarmed Combat
 O Level 27 Invocations


You had 17 spell levels left.
You didn't know any spells.
Your spell library contained the following spells:

 Spells                   Type           Power      Damage    Failure   Level
 Magic Dart               Conj           0%         1d3       75%         1
 Necrotise                Necr           0%         1d4       75%         1
 Shock                    Conj/Air       0%         1d3       75%         1
 Sting                    Tmut/Pois      0%         1d3       75%         1
 Blink                    Tloc           0%         N/A       87%         2
 Call Imp                 Summ           0%         N/A       87%         2
 Cigotuvi's Dreadful Rot  Necr/Pois/Air  0%         N/A       87%         2
 Lesser Beckoning         Tloc           0%         N/A       87%         2
 Poisonous Vapours        Pois/Air       0%         N/A       87%         2
 Call Canine Familiar     Summ           0%         N/A       98%         3
 Gell's Gravitas          Tloc           0%         N/A       98%         3
 Hailstorm                Conj/Ice       0%         3d3       98%         3
 Ignite Poison            Fire/Tmut/Pois 0%         N/A       98%         3
 Mephitic Cloud           Conj/Pois/Air  0%         N/A       98%         3
 Portal Projectile        Hex/Tloc       0%         N/A       98%         3
 Spider Form              Tmut/Pois      0%         N/A       98%         3
 Stone Arrow              Conj/Erth      0%         3d7       98%         3
 Swiftness                Air            0%         N/A       98%         3
 Vampiric Draining        Necr           0%         2d6       98%         3
 Vhi's Electric Charge    Tloc/Air       0%         N/A       98%         3
 Volatile Blastmotes      Fire/Tloc      0%         2d10      98%         3
 Airstrike                Air            0%         2d(0-16)  100%        4
 Animate Armour           Summ/Erth      0%         N/A       100%        4
 Cause Fear               Hex            0%         N/A       100%        4
 Ice Form                 Ice/Tmut       0%         N/A       100%        4
 Leda's Liquefaction      Hex/Erth       0%         N/A       100%        4
 Olgreb's Toxic Radiance  Pois           0%         N/A       100%        4
 Summon Lightning Spire   Summ/Air       0%         N/A       100%        4
 Agony                    Necr           0%         N/A       100%        5
 Blade Hands              Tmut           0%         N/A       100%        5
 Freezing Cloud           Conj/Ice/Air   0%         6-21      100%        5
 Iskenderun's Battlesphe  Conj           0%         2d6       100%        5
 Summon Forest            Summ/Tloc      0%         N/A       100%        5
 Summon Mana Viper        Hex/Summ       0%         N/A       100%        5
 Iron Shot                Conj/Erth      0%         9d1       100%        6
 Simulacrum               Ice/Necr       0%         N/A       100%        6
 Summon Cactus Giant      Summ           0%         N/A       100%        6
 Dragon Form              Tmut           0%         N/A       100%        7
 Malign Gateway           Summ/Tloc      0%         N/A       100%        7
 Spellforged Servitor     Conj/Summ      0%         N/A       100%        7
 Storm Form               Tmut/Air       0%         N/A       100%        7
 Lehudib's Crystal Spear  Conj/Erth      0%         10d2      100%        8
 Maxwell's Capacitive Co  Air            0%         ∞         100%        8
 Chain Lightning          Conj/Air       0%         N/A       100%        9
 Dragon's Call            Summ           0%         N/A       100%        9
 Fire Storm               Conj/Fire      0%         5d1       100%        9


Dungeon Overview and Level Annotations

Branches:
Dungeon (1/1)

Altars:
Ashenzari
Cheibriados
Dithmenos
Elyvilon
Fedhas
Gozag
Hepliaklqana
Kikubaaqudgha
Makhleb
Nemelex Xobeh
Okawaru
Qazlal
Ru
Sif Muna
Trog
Uskayaw
Vehumet
Wu Jian
Xom
Yredelemnul
Zin
The Shining One
Beogh
Jiyva
Lugonu


Innate Abilities, Weirdness & Mutations

You are frail. (-10% HP)


Message History

You block the demonic crawler's attack.
GONNNNG!
The demonic crawler completely misses you.
The demonic crawler misses you.
You feel better.
Visions of slaying the wolf spider flood into your mind.
The orb spider's soul is no longer bound.
The torpor snail's soul is no longer bound.
The ghost moth's soul is no longer bound.
You block the wolf spider's attack.
GONNNNG!
You block the wolf spider's attack.
BONNNG!
You block the redback's attack.
GONNNNG!
You block the redback's attack.
BOUMMMMG!
The broodmother closely misses you.
The redback is engulfed in blazing flames.
The culicivora is engulfed in freezing vapours.
The wolf spider completely misses you. x2; The redback completely misses you.
The redback's sight is seared by the starlight!
The redback completely misses you.
The redback is blinded by the light from your cloak!
The demonic crawler is engulfed in freezing vapours.
The demonic crawler closely misses you. You block the demonic crawler's attack.
SHROANNG!
You block the demonic crawler's attack.
GONNNNG!
The broodmother is engulfed in freezing vapours.
The ghost moth is engulfed in blazing flames.
The ghost moth barely misses you. The ghost moth closely misses you.
The ghost moth barely misses you. The ghost moth stares at you.
The culicivora rages.
The redback is engulfed in blazing flames.
The broodmother misses you. The ghost moth stares at you.
The redback completely misses you. The wolf spider hits you!
You die... ))).(. )[/)). !"):=)/[)[=)=/[

=.(...
.....):|[=y....
))....
..y..y........y
......
y......Z.......
......
......BsyZ..s..
......
.....ZZyss.....
......
.....syysyZ....
....
....ZBs@sss....
....
.....Zsyss.....
.≈..
..w..°wssZ..w..
≈...
..y.......s..s.
.▓..
.y▓.........▓..
▓▓▓. .
▓▓.......▓▓ .
≈▓..
..▓.y.......▓..
....
...............
....
...............


You could see 3 broodmothers, a sun moth (berserk), 6 ghost moths, 3 torpor
snails, 2 demonic crawlers, 2 wolf spiders, 5 moths of wrath, 3 orb spiders, 2
culicivoras, 2 pharaoh ants, 2 hornets, a jumping spider (summoned), a
tarantella (berserk, soul bound), 3 redbacks, a hornet simulacrum, 2 wolf spider
simulacra, a jumping spider simulacrum, a redback simulacrum, a moth of wrath
simulacrum, a meliai simulacrum and a radroach simulacrum.

Vanquished Creatures
  A royal mummy (D)
  5 shard shrikes (shapeshifter) (D)
  A caustic shrike (shapeshifter) (D)
  A golden dragon (shapeshifter) (D)
  4 bone dragons (D)
  2 Tzitzimimeh (D)
  An iron giant (shapeshifter) (D)
  A doom hound (D)
  A tentacled monstrosity (D)
  A titan (shapeshifter) (D)
  2 tainted leviathans (D)
  8 deep elf master archers (D)
  4 deep elf blademasters (D)
  5 titans (D)
  A sphinx (shapeshifter) (D)
  2 acid blobs (D)
  A death cob (D)
  2 shadow dragons (D)
  4 storm dragons (D)
  5 rockslimes (D)
  2 rockslimes (shapeshifter) (D)
  2 azure jellies (D)
  2 emperor scorpions (D)
  6 ghost moths (D)
  2 spriggan defenders (D)
  3 broodmothers (D)
  A quicksilver ooze (D)
  A ghoul (D)
  2 green draconians (D)
  An ophan (D)
  A black draconian (D)
  4 stone giants (D)
  A putrid mouth (D)
  An apis (D)
  A yellow draconian (D)
  4 deep elf annihilators (D)
  2 red draconians (D)
  A spark wasp (D)
  2 purple draconians (D)
  A mummy priest (D)
  10 merfolk javelineers (D)
  A merfolk impaler (D)
  2 entropy weavers (D)
  A great orb of eyes (D)
  A deep elf high priest (D)
  6 yaktaur captains (D)
  2 catoblepae (D)
  3 hydras (D)
  2 radroaches (D)
  A boulder beetle (D)
  A two-headed ogre (shapeshifter) (D)
  A jorogumo (D)
  6 spriggan air magi (D)
  A satyr (shapeshifter) (D)
  A death scarab (D)
  3 merfolk aquamancers (D)
  6 centaur warriors (D)
  2 soul eaters (D)
  A deep elf knight (D)
  A sun moth (D)
  11 pharaoh ants (D)
  A goliath frog (shapeshifter) (D)
  A skyshark (shapeshifter) (D)
  2 glowing orange brains (D)
  An orb spider (D)
  4 sea snakes (D)
  3 glowing orange brains (shapeshifter) (D)
  3 spriggan druids (D)
  An orb spider (shapeshifter) (D)
  4 deep trolls (shapeshifter) (D)
  2 steelbarb worms (shapeshifter) (D)
  2 steelbarb worms (D)
  6 deep elf zephyrmancers (D)
  3 manticores (D)
  A wolf spider (shapeshifter) (D)
  3 deep elf pyromancers (D)
  7 wolf spiders (D)
  2 salamanders (shapeshifter) (D)
  An orc sorcerer (D)
  6 cyclopes (D)
  10 moths of wrath (D)
  A cyclops (shapeshifter) (D)
  An elephant (shapeshifter) (D)
  A manticore (shapeshifter) (D)
  2 ugly things (D)
  An elephant (D)
  2 moths of wrath (shapeshifter) (D)
  A shining eye (D)
  A black mamba (shapeshifter) (D)
  An eye of devastation (D)
  6 demonic crawlers (D)
  2 cane toads (D)
  A cane toad (shapeshifter) (D)
  5 torpor snails (D)
  A rime drake (shapeshifter) (D)
  9 yaktaurs (D)
  4 guardian mummies (D)
  A polar bear (shapeshifter) (D)
  2 polar bears (D)
  A troll (D)
  6 merfolk (D)
  4 wind drakes (D)
  A meliai (D)
  A merfolk (shapeshifter) (D)
  2 wind drakes (shapeshifter) (D)
  3 tarantellas (D)
  A hornet (shapeshifter) (D)
  8 hornets (D)
  A raiju (shapeshifter) (D)
  A blink frog (D)
  A dream sheep (shapeshifter) (D)
  3 culicivoras (D)
  7 jumping spiders (D)
  A flying skull (D)
  A water elemental (D)
  A jumping spider (shapeshifter) (D)
  3 air elementals (D)
  6 slime creatures (D)
  A basilisk (D)
  3 fire elementals (D)
  7 yaks (D)
  4 ushabtiu (D)
  3 golden eyes (D)
  7 redbacks (D)
  A warg (D)
  2 redbacks (shapeshifter) (D)
  A water moccasin (D)
  5 orc warriors (D)
  A sky beast (shapeshifter) (D)
  A black bear (shapeshifter) (D)
  An ogre (D)
  5 centaurs (D)
  2 phantoms (D)
  3 necrophages (D)
  6 wights (D)
  4 orc priests (D)
  3 jellies (D)
  6 orc wizards (D)
  4 mummies (D)
  4 adder skeletons (D)
  An orc (D)
  2 bat skeletons (D)
  2 bat zombies (D)
  6 endoplasms (D)
  A ball python skeleton (D)
  3 ball python zombies (D)
  A giant cockroach zombie (D)
  A jackal zombie (D)
  4 quokka skeletons (D)
  2 quokka zombies (D)
  3 fire vortices (D)
412 creatures vanquished.

Vanquished Creatures (collateral kills)
  A golden dragon (shapeshifter) (D)
  A merfolk (D)
  A culicivora (D)
3 creatures vanquished.

Vanquished Creatures (others)
  A manticore (shapeshifter) (D)
1 creature vanquished.

Grand Total: 416 creatures vanquished

Notes
Turn   | Place    | Note
-------+----------+-------------------------------------------
     0 | D        | BigDaddyOpFi the Hill Orc Monk began the quest for the Orb.
     0 | D        | Reached XP level 1. HP: 19/19 MP: 1/1
     0 | D        | Found a shimmering blue altar of Sif Muna.
     0 | D        | Found a bloodstained altar of Trog.
     0 | D        | Found a sacrificial altar of Ru.
     0 | D        | Found a stormy altar of Qazlal.
     0 | D        | Found an iron altar of Okawaru.
     1 | D        | Found a sparkling altar of Nemelex Xobeh.
     1 | D        | Found a blossoming altar of Fedhas.
     1 | D        | Found the +6 Majin-Bo {spellvamp, MP+6 Int+6}
     1 | D        | Found the +27 heavy crossbow "Sniper" {heavy, Acc+∞ SInv}
     1 | D        | Found the +10 dark maul {heavy}
     1 | D        | Found the +15 Maxwell's patent armour {-Cast -Tele rElec
                  | Will+ rCorr}
     1 | D        | Found the +18 shield of the Gong {Loud rN+ Will+ rCorr
                  | EV-5}
     1 | D        | Found the +16 obsidian axe {drain, demonic, Mesm Drain Fly
                  | SInv}
     1 | D        | Found the +7 great mace "Firestarter" {flame, immolate,
                  | rFlCloud rF++}
     1 | D        | Found the +6 shillelagh "Devastator" {shatter}
     1 | D        | Found the +11 plutonium sword {Contam Stlth-}
     1 | D        | Found the +8 lance "Wyrmbane" {slay drac, rPois rF+ rC+
                  | AC+3}
     1 | D        | Found the +9 sword of Zonguldrok {reap}
     1 | D        | Found the +13 scythe of Curses {drain, curses, Drain}
     1 | D        | Found the +9 sword of Power {lifebolt}
     1 | D        | Found the +7 mace of Variability {chaos, chaos arc}
     1 | D        | Found the +11 Singing Sword {sonic wave}
     1 | D        | Found the +8 storm bow {elec, penet}
     3 | D        | Found a transporter.
     3 | D        | Found an ancient bone altar of Kikubaaqudgha.
     3 | D        | Found a viscous altar of Jiyva.
     3 | D        | Found a corrupted altar of Lugonu.
     3 | D        | Found a hazy altar of Hepliaklqana.
     3 | D        | Found a burning altar of Makhleb.
     3 | D        | Found an opulent altar of Gozag.
    70 | D        | Became a worshipper of Qazlal Stormbringer
    70 | D        | Reached * piety under Qazlal
    70 | D        | Reached ** piety under Qazlal
    73 | D        | Reached skill level 5 in Fighting
    73 | D        | Reached XP level 2. HP: 30/30 MP: 2/2
    83 | D        | Entered arena 2.
    83 | D        | Found a transporter.
    93 | D        | Entered arena 3.
    93 | D        | Found a transporter.
    97 | D        | Reached skill level 1 in Armour
    97 | D        | Reached skill level 1 in Shields
    97 | D        | Reached XP level 3. HP: 37/37 MP: 2/4
    97 | D        | Reached *** piety under Qazlal
    98 | D        | Reached XP level 4. HP: 44/44 MP: 2/6
   138 | D        | Entered arena 4.
   138 | D        | Noticed a merfolk
   138 | D        | Noticed a merfolk
   138 | D        | Noticed a merfolk
   138 | D        | Noticed a merfolk
   138 | D        | Found a transporter.
   145 | D        | Killed a merfolk
   146 | D        | Reached skill level 5 in Dodging
   146 | D        | Reached XP level 5. HP: 44/52 MP: 6/10
   146 | D        | Reached XP level 6. HP: 51/60 MP: 6/11
   146 | D        | Killed a merfolk
   147 | D        | Reached XP level 7. HP: 58/68 MP: 6/13
   148 | D        | Killed a merfolk
   148 | D        | Reached **** piety under Qazlal
   149 | D        | Reached skill level 5 in Armour
   149 | D        | Reached skill level 5 in Shields
   149 | D        | Killed a merfolk
   150 | D        | Reached skill level 10 in Invocations
   150 | D        | Reached XP level 8. HP: 67/77 MP: 6/15
   211 | D        | Entered arena 5.
   211 | D        | Found a transporter.
   256 | D        | Entered arena 6.
   256 | D        | Found a transporter.
   258 | D        | Reached ***** piety under Qazlal
   277 | D        | Entered arena 7.
   278 | D        | Found a transporter.
   296 | D        | Entered arena 8.
   296 | D        | Noticed a merfolk
   296 | D        | Noticed a merfolk
   296 | D        | Noticed a wind drake
   296 | D        | Noticed a wind drake
   296 | D        | Noticed a wind drake
   297 | D        | Found a transporter.
   298 | D        | Reached ****** piety under Qazlal
   298 | D        | Killed a wind drake
   299 | D        | Reached XP level 9. HP: 62/85 MP: 8/18
   299 | D        | Killed a merfolk
   300 | D        | Reached skill level 10 in Fighting
   302 | D        | Killed a merfolk
   304 | D        | Killed a wind drake
   307 | D        | Killed a wind drake
   461 | D        | Entered arena 9.
   462 | D        | Found a transporter.
   470 | D        | Reached skill level 15 in Axes
   475 | D        | Got the Dissertation on Remoulded Battling
   480 | D        | Got the +4 cloak of Starshine {rElec rPois rC+ Int+2}
   633 | D        | Entered arena 10.
   633 | D        | Found the +6 arbalest "Damnation" {damnation}
   634 | D        | Found a transporter.
   651 | D        | Got the ring "Weilius" {rF+ rC+ AC+4}
   663 | D        | Entered arena 11.
   663 | D        | Noticed a green ugly thing
   663 | D        | Noticed a wind drake
   663 | D        | Noticed a swamp dragon
   663 | D        | Noticed a hornet
   663 | D        | Noticed a polar bear
   663 | D        | Noticed a white ugly thing
   663 | D        | Noticed a shining eye
   664 | D        | Killed a wind drake
   664 | D        | a swamp dragon changed into a salamander
   664 | D        | Noticed a salamander (shapeshifter)
   665 | D        | Killed a white ugly thing
   665 | D        | Killed a polar bear
   665 | D        | Killed a hornet
   665 | D        | Killed a shining eye
   665 | D        | Killed a green ugly thing
   665 | D        | Killed a salamander
   666 | D        | Reached skill level 15 in Invocations
   666 | D        | Reached XP level 10. HP: 97/97 MP: 3/21
   666 | D        | Found a transporter.
   675 | D        | Got the amulet of Juolobuv {Reflect rF+ SH+5}
   871 | D        | Entered arena 12.
   871 | D        | Noticed a rockslime
   871 | D        | Noticed a rockslime
   871 | D        | Noticed a rockslime
   871 | D        | Noticed a quicksilver ooze
   872 | D        | Noticed an acid blob
   872 | D        | Killed a quicksilver ooze
   872 | D        | Killed a rockslime
   872 | D        | Killed an acid blob
   873 | D        | Reached skill level 10 in Armour
   873 | D        | Reached skill level 10 in Shields
   873 | D        | Reached XP level 11. HP: 105/105 MP: 13/23
   873 | D        | Killed a rockslime
   873 | D        | Killed a glowing orange brain
   873 | D        | Killed a rockslime
  1052 | D        | Found a transporter.
  1077 | D        | Entered arena 13.
  1077 | D        | Noticed an orc sorcerer
  1078 | D        | Noticed a cyclops
  1078 | D        | Identified the +10 trident of Prudence {drain, *Noise
                  | +Blink Will++ rCorr}
  1079 | D        | Found a transporter.
  1088 | D        | Killed an orc sorcerer
  1091 | D        | Killed a cyclops
  1108 | D        | Entered arena 14.
  1108 | D        | Noticed a death cob
  1108 | D        | Noticed a yellow draconian
  1108 | D        | Noticed a purple draconian
  1108 | D        | Noticed a purple draconian
  1108 | D        | Noticed a storm dragon
  1109 | D        | Noticed a tentacled monstrosity
  1109 | D        | Noticed a moth of wrath
  1109 | D        | Noticed a red draconian
  1109 | D        | Identified the +6 war axe "Oqosuoxu" {freeze, Will+ Str-3
                  | Int+5 Dex+3}
  1109 | D        | Noticed a black draconian
  1109 | D        | Noticed a green draconian
  1109 | D        | Noticed a green draconian
  1110 | D        | Noticed a red draconian
  1111 | D        | Killed a yellow draconian
  1111 | D        | Killed a moth of wrath
  1111 | D        | Killed a purple draconian
  1111 | D        | Killed a green draconian
  1112 | D        | Reached XP level 12. HP: 112/116 MP: 16/25
  1112 | D        | Killed a storm dragon
  1113 | D        | Reached skill level 10 in Dodging
  1113 | D        | Killed a black draconian
  1113 | D        | Killed a purple draconian
  1113 | D        | Killed a green draconian
  1113 | D        | Killed a tentacled monstrosity
  1113 | D        | Killed a red draconian
  1113 | D        | Killed a red draconian
  1118 | D        | Killed a death cob
  1119 | D        | Found a transporter.
  1210 | D        | Entered arena 15.
  1210 | D        | Noticed a merfolk impaler
  1210 | D        | Noticed a merfolk aquamancer
  1210 | D        | Noticed a merfolk aquamancer
  1211 | D        | Noticed a merfolk aquamancer
  1212 | D        | Killed a merfolk aquamancer
  1212 | D        | Killed a merfolk aquamancer
  1212 | D        | Killed a merfolk aquamancer
  1213 | D        | Reached skill level 15 in Fighting
  1213 | D        | Reached XP level 13. HP: 127/127 MP: 18/27
  1215 | D        | Killed a merfolk impaler
  1216 | D        | Found a transporter.
  1230 | D        | Got the +1 pair of gloves of Inkimp {rF- rC++}
  1232 | D        | Got the ring "Tidghua" {rCorr Dex+2}
  1259 | D        | Entered arena 16.
  1259 | D        | Noticed a titan
  1259 | D        | Noticed a titan
  1259 | D        | Noticed a storm dragon
  1260 | D        | Noticed a storm dragon
  1260 | D        | Noticed a storm dragon
  1260 | D        | Noticed a titan
  1260 | D        | Paralysed by an air elemental for 1 turns
  1260 | D        | Noticed a titan
  1261 | D        | Killed a storm dragon
  1261 | D        | Killed a storm dragon
  1261 | D        | Killed a titan
  1261 | D        | Killed a titan
  1261 | D        | Killed a titan
  1261 | D        | Noticed a titan
  1263 | D        | Killed a titan
  1263 | D        | Killed a storm dragon
  1263 | D        | Killed a titan
  1264 | D        | Reached XP level 14. HP: 113/138 MP: 11/29
  1264 | D        | Found a transporter.
  1326 | D        | Got the Vellum of the Fulgurous Voyage
  1352 | D        | Entered arena 17.
  1355 | D        | Noticed an ophan
  1355 | D        | Noticed an apis
  1357 | D        | Found a transporter.
  1362 | D        | Killed an apis
  1367 | D        | Killed an ophan
  1373 | D        | Got the Textbook on Stony Places
  1394 | D        | Entered arena 18.
  1397 | D        | Noticed a royal mummy
  1400 | D        | Found a transporter.
  1409 | D        | Killed a royal mummy
  1410 | D        | Reached skill level 15 in Armour
  1410 | D        | Reached skill level 15 in Shields
  1456 | D        | Entered arena 19.
  1458 | D        | Noticed an azure jelly
  1458 | D        | Noticed an azure jelly
  1458 | D        | Noticed a rockslime
  1459 | D        | Noticed an acid blob
  1459 | D        | Noticed a rockslime
  1460 | D        | Killed a rockslime
  1460 | D        | Killed an azure jelly
  1460 | D        | Killed an azure jelly
  1460 | D        | Killed a rockslime
  1460 | D        | Killed an acid blob
  1462 | D        | Found a transporter.
  1626 | D        | Got the ring of Egomania {rN+ EV+5 Slay+6}
  1636 | D        | Entered arena 20.
  1640 | D        | Noticed a deep elf blademaster
  1640 | D        | Noticed a deep elf annihilator
  1640 | D        | Noticed a deep elf blademaster
  1640 | D        | Noticed a deep elf annihilator
  1641 | D        | Noticed a deep elf annihilator
  1641 | D        | Noticed a deep elf blademaster
  1641 | D        | Noticed a deep elf master archer
  1641 | D        | Noticed a deep elf blademaster
  1641 | D        | Identified the ring "Nitagha" {rC+ Str-3 Int+6 Dex+4}
  1641 | D        | Noticed a deep elf annihilator
  1642 | D        | Killed a deep elf annihilator
  1642 | D        | Killed a deep elf blademaster
  1642 | D        | Killed a deep elf annihilator
  1642 | D        | Killed a deep elf annihilator
  1642 | D        | Killed a deep elf master archer
  1642 | D        | Killed a deep elf blademaster
  1642 | D        | Killed a deep elf blademaster
  1642 | D        | Killed a deep elf blademaster
  1643 | D        | Reached skill level 27 in Axes
  1643 | D        | Reached XP level 15. HP: 151/151 MP: 22/32
  1644 | D        | Found a transporter.
  1650 | D        | Reached skill level 27 in Invocations
  1659 | D        | Entered arena 21.
  1662 | D        | Noticed a Tzitzimitl
  1662 | D        | Noticed a bone dragon
  1663 | D        | Noticed a bone dragon
  1663 | D        | Noticed a tainted leviathan
  1663 | D        | Noticed a shadow dragon
  1664 | D        | Noticed a bone dragon
  1664 | D        | Noticed a tainted leviathan
  1664 | D        | Killed a Tzitzimitl
  1664 | D        | Killed a bone dragon
  1664 | D        | Noticed a shadow dragon
  1664 | D        | Noticed a ghoul
  1665 | D        | Killed a bone dragon
  1665 | D        | Killed a tainted leviathan
  1665 | D        | Killed a shadow dragon
  1665 | D        | Killed a ghoul
  1665 | D        | Killed a tainted leviathan
  1665 | D        | Killed a shadow dragon
  1665 | D        | Killed a bone dragon
  1667 | D        | Noticed a doom hound
  1667 | D        | Noticed a Tzitzimitl
  1668 | D        | Noticed a bone dragon
  1669 | D        | Reached skill level 15 in Dodging
  1669 | D        | Killed a bone dragon
  1670 | D        | Killed a Tzitzimitl
  1672 | D        | Found a transporter.
  1681 | D        | Killed a doom hound
  1692 | D        | Got the Catalogue of the Moving Glacier
  1720 | D        | Acquired the +1 cloak of Starlight {*Dazzle EV+4 Stlth--}
  1720 | D        | Found the +1 cloak of Starlight {*Dazzle EV+4 Stlth--}
  2252 | D        | Entered arena 22.
  2256 | D        | Found the +2 cloak of the Thief {*Fog Slay-2 SInv Stlth+}
  2258 | D        | Reached XP level 16. HP: 169/169 MP: 24/33
  2260 | D        | Found a transporter.
  2495 | D        | Entered arena 23.
  2519 | D        | Found a transporter.
  2806 | D        | Entered arena 24.
  2812 | D        | Found the +8 longbow "Zephyr" {speed, Dex+3 SInv}
  2833 | D        | Found a transporter.
  2853 | D        | Got the ring "Wytess" {rN+++ rCorr AC+4 Int-3 Stlth+}
  2989 | D        | Entered arena 25.
  2995 | D        | Noticed a shard shrike
  2996 | D        | a glowing shapeshifter changed into a shard shrike
  2996 | D        | Noticed a shard shrike (glowing shapeshifter)
  2996 | D        | a glowing shapeshifter changed into a shard shrike
  2996 | D        | Noticed a shard shrike (glowing shapeshifter)
  2996 | D        | Noticed a shard shrike
  2996 | D        | Noticed a caustic shrike
  2996 | D        | Noticed a juggernaut
  2996 | D        | Noticed a shard shrike
  2997 | D        | Killed a shard shrike
  2997 | D        | Killed a caustic shrike
  2997 | D        | Killed a rockslime
  2997 | D        | Killed a shard shrike
  2997 | D        | Noticed a juggernaut
  2997 | D        | Noticed an iron giant
  2998 | D        | Reached XP level 17. HP: 190/190 MP: 25/34
  2998 | D        | Killed a shard shrike
  2998 | D        | a juggernaut changed into a shard shrike
  2998 | D        | Noticed a shard shrike (glowing shapeshifter)
  2998 | D        | a juggernaut changed into a rockslime
  2998 | D        | a shard shrike changed into a golden dragon
  2998 | D        | Noticed a golden dragon (glowing shapeshifter)
  2999 | D        | Killed a golden dragon
  2999 | D        | Killed an iron giant
  2999 | D        | Killed a shard shrike
  3000 | D        | Reached skill level 27 in Fighting
  3000 | D        | Noticed a titan
  3000 | D        | Killed a shard shrike
  3003 | D        | a rockslime changed into a caustic shrike
  3003 | D        | Noticed a caustic shrike (glowing shapeshifter)
  3003 | D        | Gained mutation: You are frail. (-10% HP) [a shining eye]
  3006 | D        | a rockslime changed into a golden dragon
  3006 | D        | Noticed a golden dragon (glowing shapeshifter)
  3008 | D        | Killed a titan
  3009 | D        | Found a transporter.
  3010 | D        | a caustic shrike changed into a sphinx
  3010 | D        | Noticed a sphinx (glowing shapeshifter)
  3013 | D        | Killed a sphinx
  3014 | D        | a golden dragon changed into a caustic shrike
  3014 | D        | Noticed a caustic shrike (glowing shapeshifter)
  3015 | D        | a caustic shrike changed into a golden dragon
  3015 | D        | Noticed a golden dragon (glowing shapeshifter)
  3022 | D        | Killed a golden dragon
  3077 | D        | Got the ring "Eclupsurcho" {rF+ Int+6}
  3202 | D        | Entered arena 26.
  3210 | D        | Noticed a deep elf master archer
  3210 | D        | Noticed a deep elf master archer
  3210 | D        | Noticed a deep elf master archer
  3210 | D        | Identified the +0 dire flail "Newtslayer" {heavy, Dex+3
                  | Stlth+}
  3211 | D        | Noticed a deep elf master archer
  3211 | D        | Identified the staff of earth "Suffabur" {rPois Int+2 Dex-5
                  | Stlth+}
  3211 | D        | Identified the +3 halberd of the Sky {drain, +Blink rF-
                  | rN+++}
  3211 | D        | Identified the ring "Unoutila" {rElec rN+ Str-2 Int+3}
  3211 | D        | Noticed a deep elf master archer
  3212 | D        | Killed a deep elf master archer
  3212 | D        | Killed a deep elf master archer
  3212 | D        | Killed a deep elf master archer
  3212 | D        | Killed a deep elf master archer
  3212 | D        | Killed a deep elf master archer
  3212 | D        | Killed a deep elf master archer
  3212 | D        | Killed a deep elf master archer
  3213 | D        | Reached skill level 27 in Armour
  3213 | D        | Reached skill level 27 in Shields
  3213 | D        | Reached XP level 18. HP: 180/180 MP: 26/35
  3216 | D        | Found a transporter.
  3217 | D        | Identified the staff of cold "Naleor" {rC+ SInv}
  3426 | D        | Entered arena 27.
  3434 | D        | Found the +3 Elemental Staff {rElec rF+ rC+ AC+3}
  3435 | D        | Found the +8 arc blade {discharge, rElec}
  3451 | D        | HP: 4/180 [wolf spider[a broodmother] (25)]
  3452 | D        | Slain by a wolf spider

Illustrated notes

Levels and vault maps discovered:
D:        sprint_v [room_start, room_1, room_2, room_3, room_4, room_5, room_6,
          room_7, room_8, room_9, room_10, room_11, room_12, room_13, room_14,
          room_15, room_16, room_17, room_18, room_19, room_20, room_21,
          room_22, room_23, room_24, room_25, room_26, room_27]

Skill      XL: |  1  2  3  4  5  6  7  8  9 10 11 12 13 14 15 16 17 18 |
---------------+-------------------------------------------------------+-----
Fighting       | 5 6 7 8 9 11 12 13 15 16 18 22 26 27 | 27.0
Axes           | 6 7 9 11 12 13 16 18 20 22 24 27 | 27.0
Dodging        | 3 4 5 6 8 9 11 12 13 16 19 24 26 | 26.3
Armour         | 1 3 4 5 7 9 10 11 13 14 16 20 24 27 | 27.0
Shields        | 1 3 4 5 6 9 10 11 13 14 16 20 24 27 | 27.0
Invocations    | 2 3 6 8 10 12 15 16 19 21 23 26 27 | 27.0
Unarmed Combat | |  3.2

Action                     |  1- 3 |  4- 6 |  7- 9 | 10-12 | 13-15 | 16-18 || total
---------------------------+-------+-------+-------+-------+-------+-------++-------
  Melee: Broad axe         |     3 |     2 |    41 |    18 |    23 |    53 ||   140
 Invoke: Disaster Area     |       |       |     3 |     5 |     8 |     9 ||    25
         Upheaval          |       |       |       |       |     4 |       ||     4
    Use: Potion            |     1 |     3 |       |       |       |     8 ||    12
         Scroll            |       |       |       |       |     2 |     1 ||     3
   Stab: Distracted        |       |     1 |     1 |     1 |     1 |     1 ||     5
         Petrified         |       |       |       |       |       |     3 ||     3
         Invisible         |       |       |       |       |       |     3 ||     3
 Armour: Plate armour      |       |     4 |     9 |     3 |     5 |    89 ||   110
  Dodge: Dodged            |       |     1 |     1 |     1 |     2 |   202 ||   207
         Repelled          |       |       |       |       |     1 |     2 ||     3
  Block: Kite shield       |     5 |    21 |    45 |    41 |    36 |   233 ||   381
         Reflection        |       |       |       |     1 |     1 |    18 ||    20
